 Dungeon Crawl Stone Soup version 0.31.0-1-g2c135a008e (webtiles) character file.

Game seed: 3884150649319384900

19 qw the Shooter (level 2, -1/23 HPs)
             Began as a Djinni Hunter on Jan 23, 2024.
             Slain by an orc priest
             ... wielding a +0 flail
              (6 damage)
             ... on level 2 of the Dungeon.
             The game lasted 00:00:00 (740 turns).

qw the Shooter (Djinni Hunter)                       Turns: 740, Time: 00:00:02

Health: -1/23      AC:  5    Str: 10    XL:     2   Next: 95%
Gold:   76         EV: 10    Int: 10    God:
                   SH:  0    Dex: 16

rFire   + + .        a - +0 shortbow
rCold   x . .        (shield currently unavailable)
rNeg    . . .        e - +0 ring mail
rPois   inf          (no helmet)
rElec   .            (no cloak)
rCorr   .            (no gloves)
SInv    .            (boots unavailable)
Will    .....        (no amulet)
Stlth   +            (no ring)
HPRegen 0.23/turn    (no ring)
MPRegen 0.00/turn

%: infuse magic (-2 HP)
@: flying
A: sickness immunity, fire resistance 2, cold vulnerability 1, float, innate
caster, HP casting, extra vitality 1
a: no special abilities


You were on level 2 of the Dungeon.
You visited 1 branch of the dungeon, and saw 2 of its levels.

You collected 76 gold pieces.


Innate Abilities, Weirdness & Mutations

You are immune to sickness and miasma.
You are immune to poison.
Your flesh is very heat resistant. (rF++)
You are vulnerable to cold. (rC-)
You float through the air rather than walking.
You learn spells naturally, not from books.
Your magical power is your life essence.
You have superior vitality. (+4 MHP)


   Skills:
 - Level 2.0 Fighting
 + Level 3.9 Ranged Weapons
 - Level 2.1 Dodging
 - Level 0.7 Stealth You didn't know any spells. Your spell library was empty.

Inventory:

Hand Weapons
 a - a +0 shortbow (weapon)
Armour
 e - a +0 ring mail (worn)
Potions
 d - a potion of heal wounds {unknown}

Dungeon Overview and Level Annotations

Branches:
Dungeon (2/15)

Altars:


Message History

HP restored.
You reach down and open the door.
Found a stone staircase leading up.
There is an open door here.
You reach down and open the door.
An orc comes into view. It is wielding a +0 hand axe.
The orc shouts!
You hear a shout!
An orc comes into view. It is wielding a +0 club.
An orc comes into view. It is wielding a +0 falchion.
You shoot an arrow. The orc shouts!
The arrow hits the orc.
The orc is almost dead.
An orc priest comes into view. It is wielding a +0 flail.
The orc priest moves out of view.
You shoot an arrow.
The arrow hits the orc but does no damage.
The orc is almost dead.
You shoot an arrow. The arrow hits the orc.
You kill the orc!
You shoot an arrow.
The arrow hits the orc but does no damage.
The orc hits you but does no damage.
You shoot an arrow. The arrow barely misses the orc.
The orc closely misses you. x2
You shoot an arrow.
The arrow hits the orc but does no damage.
The orc barely misses you. The orc hits you with a +0 falchion. x2
The orc hits you but does no damage.
You shoot an arrow. The arrow closely misses the orc.
The orc hits you with a +0 club. The orc hits you with a +0 falchion.
You shoot an arrow. The arrow barely misses the orc.
The orc hits you with a +0 club. The orc barely misses you.
You shoot an arrow. The arrow hits the orc!
You kill the orc!
The orc hits you but does no damage. The orc closely misses you.
The orc priest hits you with a +0 flail.
You shoot an arrow. The arrow barely misses the orc priest.
The orc priest hits you with a +0 flail.
You die...

#.+......#.#
#.#....#...+
#.###......#
#.##.....##
#..'.....#
####.....#
#.....#
#....#####..
#.o@.<......
##o#..####..
#.#..#
#.#..#
..#..#
..#..#
...#..#
......# ....


You could see an orc priest and an orc.

Vanquished Creatures
  A dart slug (D:1)
  2 orcs (D:2)
  An endoplasm (D:2)
  3 kobolds (D:1)
  A quokka (D:2)
  A ball python (D:1)
  2 bats (D:1)
  4 rats (D:1)
15 creatures vanquished.

Notes
Turn   | Place    | Note
-------+----------+-------------------------------------------
     0 | D:1      | qw the Djinni Hunter began the quest for the Orb.
     0 | D:1      | Reached XP level 1. HP: 18/18 MP: 0/0
     0 | D:1      | 0 ||| qw: Version: 0.3-a-136-gdd3b4e8
     0 | D:1      | 0 ||| qw: Game counter: 1134
     0 | D:1      | 0 ||| qw: Melee chars always use a shield: true
     0 | D:1      | 0 ||| qw: God list: Okawaru
     0 | D:1      | 0 ||| qw: Allow faded altars: false
     0 | D:1      | 0 ||| qw: Do Orc after clearing Dungeon:15 true
     0 | D:1      | 0 ||| qw: Do second Lair branch before Depths: true
     0 | D:1      | 0 ||| qw: Lair rune preference: random
     0 | D:1      | 0 ||| qw: Goals: Normal
     0 | D:1      | 0 ||| PLANNING D:1-11
   388 | D:1      | Reached XP level 2. HP: 23/23 MP: 0/0
   613 | D:1      | 613 ||| UPGRADING to +0 ring mail.
   623 | D:1      | 623 ||| DROPPING +0 leather armour.
   624 | D:1      | 624 ||| DROPPING scroll of butterflies.
   636 | D:2      | 636 ||| STAIRDANCE
   739 | D:2      | HP: 5/23 [orc priest/+0 flail (3)]
   740 | D:2      | Slain by an orc priest

Levels and vault maps discovered:
D:1:      dpeg_arrival_arbitrary_c, layout_loops_ring
D:2:      layout_basic, serial_shops, nicolae_shop_mannequins

Action                     || total
---------------------------++-------
   Fire: Shortbow          ||    36
 Armour: Ring mail         ||    17
  Dodge: Dodged            ||    11

Table legend:
 A = Non-vault XP
 B = Vault XP
 C = Vault XP percentage of total XP
 D = Non-vault monster count
 E = Vault monster count
 F = Vault count percentage of total count
                 A         B        C        D         E       F
            +---------+---------+-------+---------+---------+-------
      Total |      28 |       0 |   0.0 |      15 |       0 |   0.0
            +---------+---------+-------+---------+---------+-------
        D:1 |      18 |       0 |   0.0 |      11 |       0 |   0.0
        D:2 |      10 |       0 |   0.0 |       4 |       0 |   0.0
            +---------+---------+-------+---------+---------+-------
